AoeStats
← Jeanfrancis

Nomad

505230026Analyzed
4v4 RM · 24d ago on Sep 8, 2026· 48m 23s· 8 players
Game mode
Random Map
Map size
231×231
Population
200
Speed
Normal
Resources
Standard
Victory
Conquest
Starting age
Dark Age
Ending age
Imperial Age
RankedLock teamsTeams togetherTeam positionsShared explorationLock speedFull tech treeHidden civsTurbo modeCheats
Victory
Defeat
🇳🇱 Huns · Netherlands
1138
+9
🇺🇸 Persians · United States
1118
+10
🇧🇷 Berbers · Brazil
1060
+12
🇧🇪 Chinese · Belgium
1053
+12
🇭🇰 Japanese · Hong Kong SAR China
1102
-15
🇭🇰 Tatars · Hong Kong SAR China
1004
-11
🇭🇰 Dravidians · Hong Kong SAR China
923
-9
🇭🇰 Vikings · Hong Kong SAR China
888
-8
Beans
7:44 Loom
14:44 Feudal Age
15:33 Double-Bit Axe
15:32 Fishing Lines
20:12 Castle Age
18:39 Gold Mining
22:19 Gillnets
25:04 Fletching
26:35 Bodkin Arrow
26:46 Horse Collar
27:18 Bow Saw
28:29 Husbandry
28:40 Bloodlines
28:40 Scale Barding Armor
29:30 Heavy Plow
31:05 Gold Shaft Mining
30:21 Stone Mining
31:37 Ballistics
31:13 Murder Holes
34:39 Medium Warships
39:33 Imperial Age
37:45 Wheelbarrow
38:18 Stone Shaft Mining
39:53 Masonry
40:58 Light Cavalry
41:46 Hussar
45:14 Chain Barding Armor
45:07 Forging
45:53 Conscription
47:30 Plate Barding Armor
47:32 Iron Casting
Jeanfrancis
3:38 Loom
14:10 Feudal Age
21:22 Castle Age
19:43 Padded Archer Armor
19:49 Fletching
21:37 Crossbowman
22:22 Thumb Ring
24:00 Double-Bit Axe
24:54 Bodkin Arrow
25:14 Leather Archer Armor
30:57 Wheelbarrow
30:06 Horse Collar
30:38 Bow Saw
32:08 Heavy Plow
35:57 Imperial Age
34:19 Hand Cart
36:05 Gold Mining
37:01 Arbalester
39:15 Gold Shaft Mining
38:32 Stone Mining
39:44 Two-Man Saw
39:30 Ballistics
40:11 Chemistry
38:42 Elite Skirmisher
43:53 Town Watch
45:09 Heavy Rocket Cart
46:53 Bracer
47:24 Ring Archer Armor
HaweN
12:55 Feudal Age
22:20 Castle Age
20:55 Fishing Lines
28:22 Stone Mining
37:58 Loom
40:48 Horse Collar
42:19 Murder Holes
45:35 Town Watch
47:15 Wheelbarrow
47:38 Padded Archer Armor
47:30 Fletching
47:46 Scale Barding Armor
XXxCoExXX
12:04 Loom
14:39 Feudal Age
15:13 Double-Bit Axe
15:21 Gold Mining
21:23 Castle Age
19:21 Stone Mining
19:53 Bloodlines
21:12 Horse Collar
21:47 Fletching
22:54 Bodkin Arrow
23:11 Thumb Ring
24:49 Wheelbarrow
25:20 Padded Archer Armor
25:31 Husbandry
29:11 Heavy Plow
29:52 Leather Archer Armor
35:34 Imperial Age
34:16 Thumb Ring
37:20 Imperial Age
36:23 Hand Cart
37:28 Ballistics
38:34 Heavy Cavalry Archer
39:40 Parthian Tactics
40:34 Light Cavalry
41:17 Bracer
41:23 Scale Barding Armor
43:33 Conscription
44:28 Forging
44:38 Chain Barding Armor
44:13 Hussar
46:08 Iron Casting
49:22 Blast Furnace
48:57 Plate Barding Armor
foreveralone
14:40 Feudal Age
20:19 Castle Age
21:21 Medium Warships
26:29 Double-Bit Axe
27:42 Stone Mining
27:38 Elite Skirmisher
32:14 Fletching
32:26 Padded Archer Armor
32:55 Bodkin Arrow
34:11 Bow Saw
34:19 Gold Mining
40:31 Imperial Age
40:00 Gold Shaft Mining
kahohohoka
4:54 Loom
15:37 Feudal Age
16:26 Double-Bit Axe
17:34 Fishing Lines
21:18 Castle Age
19:58 Gold Mining
19:59 Stone Mining
19:44 Man-at-Arms
20:37 Forging
21:44 Pikeman
22:19 Long Swordsman
23:51 Wheelbarrow
23:21 Squires
24:07 Scale Mail Armor
24:03 Arson
24:31 Gillnets
24:50 Horse Collar
25:47 Gold Shaft Mining
25:17 Gambesons
26:05 Hand Cart
27:41 Heavy Plow
28:11 Bow Saw
29:35 Iron Casting
29:05 Fletching
30:52 Chain Mail Armor
31:04 Town Watch
39:13 Imperial Age
39:17 Bodkin Arrow
40:45 Bracer
41:46 Blast Furnace
40:57 Elite Skirmisher
41:08 Two-Handed Swordsman
42:47 Padded Archer Armor
43:20 Plate Mail Armor
44:47 Chemistry
44:08 Ballistics
43:44 Murder Holes
43:59 Masonry
43:29 Halberdier
45:03 Conscription
46:13 Two-Man Saw
46:14 Leather Archer Armor
48:12 Ring Archer Armor
iampirlo21
5:40 Loom
15:16 Feudal Age
19:10 Fletching
25:05 Castle Age
25:04 Double-Bit Axe
40:48 Silk Armor
41:47 Wheelbarrow
42:08 Town Watch
48:57 Imperial Age
brain888hk
5:22 Loom
18:06 Feudal Age
18:40 Double-Bit Axe
18:42 Horse Collar
27:32 Castle Age
30:15 Castle Age
35:58 Fletching
40:34 Wheelbarrow
39:44 Town Watch
46:58 Thumb Ring
Connection lost

Rejoining the realm…

Still unreachable

The connection could not be restored.

Session expired

The server has moved on; the page needs a fresh start.